 Dungeon Crawl Stone Soup version 0.31.0-9-g3a7656b989 (webtiles) character file.

Game seed: 15153792626606347915

28 qw the Shooter (level 2, -1/16 HPs)
             Began as a Deep Elf Hunter on Feb 2, 2024.
             Slain by a ribbon worm (2 damage)
             ... on level 2 of the Dungeon.
             The game lasted 00:00:03 (999 turns).

qw the Shooter (Deep Elf Hunter)                     Turns: 999, Time: 00:00:03

Health: -1/16      AC:  3    Str:  8    XL:     2   Next: 96%
Magic:  4/4        EV: 12    Int: 13    God:
Gold:   60         SH:  0    Dex: 18    Spells: 1/1 levels left

rFire   . . .        a - +0 shortbow
rCold   . . .        (shield currently unavailable)
rNeg    . . .        c - +0 leather armour
rPois   .            (no helmet)
rElec   .            (no cloak)
rCorr   .            (no gloves)
SInv    .            (no boots)
Will    .....        h - amulet of the acrobat
Stlth   ++           (no ring)
HPRegen 0.22/turn    (no ring)
MPRegen 0.09/turn

%: acrobat
@: no status effects
A: no striking features
a: no special abilities


You were on level 2 of the Dungeon.
You visited 1 branch of the dungeon, and saw 2 of its levels.

You collected 60 gold pieces.


   Skills:
 - Level 1.5 Fighting
 + Level 6.6 Ranged Weapons
 - Level 2.4 Dodging
 - Level 1.2 Stealth


You had one spell level left.
You didn't know any spells.
Your spell library was empty.

Inventory:

Hand Weapons
 a - a +0 shortbow (weapon)
Armour
 c - a +0 leather armour (worn)
Jewellery
 h - an amulet of the acrobat (around neck)

Dungeon Overview and Level Annotations

Branches:
Dungeon (2/15)

Altars:


Message History

You shoot an arrow. The arrow hits the ribbon worm.
The ribbon worm is heavily wounded.
The ribbon worm barely misses you.
You shoot an arrow. The arrow hits the ribbon worm.
The ribbon worm is severely wounded.
You shoot an arrow. The arrow hits the ribbon worm.
The ribbon worm is almost dead.
The ribbon worm expels a string of sticky webbing.
The stream of webbing hits you but does no damage.
You are caught in a web!
The ribbon worm bites you.
You shoot an arrow. The arrow hits the ribbon worm.
The ribbon worm is almost dead.
The ribbon worm bites you but does no damage.
You shoot an arrow.
The arrow hits the ribbon worm but does no damage.
The ribbon worm is almost dead.
The ribbon worm bites you!
Ouch! That really hurt!
You shoot an arrow.
The arrow barely misses the ribbon worm.
The ribbon worm expels a string of sticky webbing.
The stream of webbing misses you.
You shoot an arrow.
The arrow barely misses the ribbon worm.
The ribbon worm expels a string of sticky webbing.
The stream of webbing misses you.
You shoot an arrow.
The arrow barely misses the ribbon worm.
The ribbon worm bites you but does no damage.
You shoot an arrow. The arrow hits the ribbon worm.
The ribbon worm is almost dead.
The ribbon worm bites you.
You shoot an arrow. The arrow hits the ribbon worm.
The ribbon worm is almost dead.
You shoot an arrow.
The arrow hits the ribbon worm but does no damage.
The ribbon worm is almost dead.
The ribbon worm bites you.
You die...

# ### . # #.#..
...
#..##.#.###....
..............#
.......@w......
#####...####..#
%.....#
#.##....#
#....# #....#
.....# (......


You could see a ribbon worm (catching breath).

Vanquished Creatures
  2 endoplasms (D:1)
  2 giant cockroaches (D:1)
  5 goblins (D:1)
  3 hobgoblins (D:1)
  6 kobolds (D:1)
  A quokka (D:1)
  3 ball pythons
  A bat (D:1)
  A frilled lizard (D:1)
  2 rats (D:1)
26 creatures vanquished.

Notes
Turn   | Place    | Note
-------+----------+-------------------------------------------
     0 | D:1      | qw the Deep Elf Hunter began the quest for the Orb.
     0 | D:1      | Reached XP level 1. HP: 12/12 MP: 3/3
     0 | D:1      | 0 ||| qw: Version: 0.3-a-155-g5e7d8dd
     0 | D:1      | 0 ||| qw: Game counter: 647
     0 | D:1      | 0 ||| qw: Melee chars always use a shield: true
     0 | D:1      | 0 ||| qw: God list: Okawaru
     0 | D:1      | 0 ||| qw: Allow faded altars: false
     0 | D:1      | 0 ||| qw: Do Orc after clearing Dungeon:15 true
     0 | D:1      | 0 ||| qw: Do second Lair branch before Depths: true
     0 | D:1      | 0 ||| qw: Lair rune preference: random
     0 | D:1      | 0 ||| qw: Goals: Normal
     0 | D:1      | 0 ||| PLANNING D:1-11
   166 | D:1      | Reached XP level 2. HP: 16/16 MP: 4/4
   258 | D:1      | Reached skill level 6 in Ranged Weapons
   491 | D:1      | Found a faded altar of an unknown god.
   902 | D:1      | 902 ||| UPGRADING to amulet of the acrobat.
   907 | D:1      | 907 ||| DROPPING ring of wizardry.
   908 | D:1      | 908 ||| READING 3 scrolls labelled VUFIDW NEXYOX.
   908 | D:1      | 908 ||| IDENTIFYING smoky sapphire potion
   909 | D:1      | 909 ||| READING 2 scrolls of identify.
   909 | D:1      | 909 ||| IDENTIFYING 3 fizzy amethyst potions
   910 | D:1      | 910 ||| READING scroll of identify.
   910 | D:1      | 910 ||| IDENTIFYING 2 scrolls labelled QEYLUWNEADWEN
   911 | D:1      | 911 ||| DROPPING scroll of butterflies.
   912 | D:1      | 912 ||| DROPPING 3 potions of lignification.
   913 | D:1      | 913 ||| DROPPING 2 scrolls of revelation.
   914 | D:1      | 914 ||| DROPPING potion of ambrosia.
   973 | D:2      | 973 ||| STAIRDANCE
   978 | D:2      | 978 ||| STAIRDANCE
   993 | D:2      | HP: 4/16 [ribbon worm (8)]
   997 | D:2      | HP: 1/16 [ribbon worm (4)]
   999 | D:2      | Slain by a ribbon worm

Levels and vault maps discovered:
D:1:      minmay_arrival_stair_chambers, layout_loops_corners,
          shapermc_ecumenical_altar_petra, amethyst_killhole, minmay_hexomino_c4
D:2:      layout_basic, serial_shops, shop, minmay_misc_feat_alley, uniq_sigmund

Skill      XL: |  1  2 |
---------------+-------+-----
Ranged Weapons | 6 |  6.6
Fighting       | |  1.5
Dodging        | |  2.4
Stealth        | |  1.2

Action                     || total
---------------------------++-------
   Fire: Shortbow          ||    64
    Use: Scroll            ||     3
 Armour: Leather armour    ||    19
  Dodge: Dodged            ||    15

Table legend:
 A = Non-vault XP
 B = Vault XP
 C = Vault XP percentage of total XP
 D = Non-vault monster count
 E = Vault monster count
 F = Vault count percentage of total count
                 A         B        C        D         E       F
            +---------+---------+-------+---------+---------+-------
      Total |      29 |      11 |  27.5 |      18 |       8 |  30.8
            +---------+---------+-------+---------+---------+-------
        D:1 |      28 |      11 |  28.2 |      17 |       8 |  32.0
        D:2 |       1 |       0 |   0.0 |       1 |       0 |   0.0
            +---------+---------+-------+---------+---------+-------
